 Dungeon Crawl Stone Soup version 0.31-a0-859-g9dce7d3444 (webtiles) character file.

Game seed: 13570184697695637853

122 Azuregosa the Shooter (level 5, 0/42 HPs)
             Began as a Barachi Hunter on Oct 9, 2023.
             Was a Priest of Elyvilon.
             Slain by an ogre
             ... wielding a +0 giant spiked club
              (16 damage)
             ... on level 3 of the Dungeon.
             The game lasted 00:13:36 (2135 turns).

Azuregosa the Shooter (Barachi Hunter)              Turns: 2135, Time: 00:13:37

Health: 0/42       AC: 11    Str: 11 (12) XL:     5   Next: 6%
Magic:  5/5        EV:  2    Int: 10      God:    Elyvilon [***...]
Gold:   87         SH:  0    Dex: 17      Spells: 4/4 levels left

rFire   . . .        a - +0 shortbow
rCold   . . .        (shield currently unavailable)
rNeg    . . .        i - +0 plate armour
rPois   .            o - +0 helmet
rElec   .            (no cloak)
rCorr   .            (no gloves)
SInv    .            (no boots)
Will    .....        k - amulet of faith Stlth
                     (no ring)
HPRegen 0.27/turn    (no ring)
MPRegen 0.09/turn

%: clarity, faith
@: slow
A: amphibious, slowness 1, strong legs 1, +LOS, clarity, deterioration 1
a: Hop, Renounce Religion, Purification, Heal Other, Heal Self


You were on level 3 of the Dungeon.
You worshipped Elyvilon.
Elyvilon was most pleased with you.
You visited 1 branch of the dungeon, and saw 5 of its levels.

You collected 87 gold pieces.

Inventory:

Hand Weapons
 a - a +0 shortbow (weapon)
Armour
 c - a +0 leather armour
 i - a +0 plate armour (worn)
 o - a +0 helmet (worn)
Jewellery
 k - an amulet of faith (around neck)
Talismans
 n - a maw talisman
Scrolls
 b - 2 scrolls of butterflies
 d - 7 scrolls of identify {unknown}
 e - 3 scrolls of noise {unknown}
 h - a scroll of blinking {unknown}
 l - a scroll of enchant armour {unknown}
Potions
 f - a potion of invisibility
 g - a potion of enlightenment {unknown}
 j - a potion of lignification {unknown}
 m - 2 potions of curing {unknown}


   Skills:
 + Level 3.6 Fighting
 + Level 4.6 Ranged Weapons
 + Level 0.4 Armour
 - Level 3.2 Dodging
 - Level 2.3 Stealth


You had 4 spell levels left.
You didn't know any spells.
Your spell library contained the following spells:

 Spells                   Type           Power      Damage    Failure   Level
 Slow                     Hex            0%         N/A       100%        1
 Confusing Touch          Hex            0%         N/A       100%        3
 Sigil of Binding         Hex            0%         N/A       100%        3
 Vampiric Draining        Necr           0%         2d6       100%        3


Dungeon Overview and Level Annotations

Branches:
Dungeon (5/15)
 Temple: D:4-7

Altars:
Elyvilon


Innate Abilities, Weirdness & Mutations

You are amphibious.
You cover ground slowly.
You can hop short distances.
You have an extended range of vision and can be seen from far away.
You possess an exceptional clarity of mind.
Your body sometimes deteriorates upon taking damage.


Message History

You shoot an arrow.
The arrow hits the quokka but does no damage.
The quokka is almost dead.
The quokka bites you. x2
You shoot an arrow. The arrow hits the quokka.
You kill the quokka!
Found a helmet.
You now have 80 gold pieces (gained 17).
Found an escape hatch in the floor.
You see here a +0 helmet.
o - a +0 helmet
Okay, then.
You start putting on your armour.
You continue putting on your +0 helmet. x4
You finish putting on your +0 helmet.
There is an escape hatch in the floor here.
You now have 87 gold pieces (gained 7).
Found a stone staircase leading up and a stone staircase leading down.
Found a scroll labelled RUPRUSICWO.
An ogre comes into view. It is wielding a +0 giant spiked club.
The ogre shouts!
There is a stone staircase leading down here.
You see here a scroll labelled WUOSYCE AZIR.
You shoot an arrow. The arrow closely misses the ogre.
The ogre hits you with a +0 giant spiked club!
Your body deteriorates!
You feel weakened.
You shoot an arrow. The arrow barely misses the ogre.
The ogre hits you with a +0 giant spiked club!
The ogre hits you with a +0 giant spiked club.
You shoot an arrow. The arrow hits the ogre!
The ogre is moderately wounded.
The ogre barely misses you.
You shoot an arrow. The arrow hits the ogre.
The ogre is heavily wounded.
The ogre completely misses you.
You shoot an arrow. The arrow hits the ogre!
The ogre is severely wounded.
The ogre barely misses you. The ogre hits you but does no damage.
You shoot an arrow. The arrow barely misses the ogre.
The ogre hits you with a +0 giant spiked club!
You die...

#...........<#.#
##.
####.######..#.#
#..
#.#.......#.#
#.#
#.#.####.##.##
#.# ##.#.#
#.#...# #.#
#..<.##
#.#...### #.#
#.....#
#.......###.#
#..>.?#
#......>....#
####@.#
#.......##...
#O.#
###...#####.#
#..# #...# #.#
#..# ##.## #.#
#..# #.. ..#
#..# #... ...
#... ..## ###
####


You could see an ogre.

Vanquished Creatures
  An orc wizard (D:2)
  A gnoll (D:1)
  An adder (D:2)
  6 worms
  2 dart slugs
  2 orcs (D:2)
  2 bats (D:2)
  5 endoplasms
  4 giant cockroaches
  4 hobgoblins
  5 quokkas
  5 ball pythons
  4 frilled lizards (D:1)
  6 goblins
  3 kobolds
  4 rats
55 creatures vanquished.

Notes
Turn   | Place    | Note
-------+----------+-------------------------------------------
     0 | D:1      | Azuregosa the Barachi Hunter began the quest for the Orb.
     0 | D:1      | Reached XP level 1. HP: 17/17 MP: 1/1
    91 | D:1      | Reached skill level 1 in Stealth
   132 | D:1      | Reached XP level 2. HP: 12/23 MP: 2/2
   143 | D:1      | Found a faded altar of an unknown god.
   163 | D:1      | Prayed at the altar of an unknown god.
   163 | D:1      | Became a worshipper of Elyvilon the Healer
   163 | D:1      | Reached * piety under Elyvilon
   264 | D:1      | Reached XP level 3. HP: 28/28 MP: 3/3
   984 | D:2      | Gained mutation: You do not regenerate when monsters are
                  | visible. [potion of mutation]
   984 | D:2      | Gained mutation: You have large cloven feet. [potion of
                  | mutation]
   984 | D:2      | Gained mutation: You have a somewhat thin skeletal
                  | structure. (Dex +2, Stealth+) [potion of mutation]
   992 | D:2      | Elyvilon protects you from harm!
  1013 | D:2      | Reached XP level 4. HP: 7/35 MP: 4/4
  1028 | D:2      | Elyvilon protects you from harm!
  1032 | D:2      | Lost mutation: You have a somewhat thin skeletal structure.
                  | (Dex +2, Stealth+) [potion of mutation]
  1032 | D:2      | Lost mutation: You do not regenerate when monsters are
                  | visible. [potion of mutation]
  1032 | D:2      | Lost mutation: You have large cloven feet. [potion of
                  | mutation]
  1032 | D:2      | Gained mutation: Your body sometimes deteriorates upon
                  | taking damage. [potion of mutation]
  1032 | D:2      | Gained mutation: You are frail. (-10% HP) [potion of
                  | mutation]
  1032 | D:2      | Gained mutation: You have a pair of small antennae on your
                  | head. [potion of mutation]
  1032 | D:2      | Gained mutation: You have a pair of antennae on your head.
                  | [potion of mutation]
  1266 | D:2      | Reached ** piety under Elyvilon
  1457 | D:2      | Lost mutation: You have a pair of antennae on your head.
                  | [potion of mutation]
  1457 | D:2      | Lost mutation: You are frail. (-10% HP) [potion of
                  | mutation]
  1457 | D:2      | Gained mutation: You possess an exceptional clarity of
                  | mind. [potion of mutation]
  1457 | D:2      | Lost mutation: You have a pair of small antennae on your
                  | head. [potion of mutation]
  1966 | D:5      | Entered Level 5 of the Dungeon
  1997 | D:4      | Reached XP level 5. HP: 41/41 MP: 5/5
  2069 | D:3      | Reached *** piety under Elyvilon
  2128 | D:3      | Noticed an ogre
  2135 | D:3      | Slain by an ogre

Illustrated notes

Levels and vault maps discovered:
D:1:      dpeg_arrival_orchard, layout_basic,
          shapermc_ecumenical_altar_mp_highgroup
D:2:      layout_loops_ring, kennysheep_generic_room_7
D:3:      layout_loops_ring, grunt_qazlal_sundering, zin_statuary
D:4:      layout_cave_pods, serial_shops, nicolae_shop_stone
D:5:      kennysheep_windowed_halls, layout_gridville,
          grunt_temple_overflow_holy_war

Skill      XL: |  1  2  3 |
---------------+----------+-----
Stealth        | 1 2 |  2.3
Fighting       | 3 |  3.6
Dodging        | 3 |  3.2
Ranged Weapons | |  4.6
Armour         | |  0.4

Action                     |  1- 3 |  4- 6 || total
---------------------------+-------+-------++-------
  Melee: Shortbow          |     5 |       ||     5
         Kick              |     1 |       ||     1
   Fire: Shortbow          |    84 |   116 ||   200
Ability: Hop               |     1 |       ||     1
    Use: Potion            |     2 |     2 ||     4
 Armour: Leather armour    |    32 |    28 ||    60
         Plate armour      |       |    30 ||    30
  Dodge: Dodged            |    21 |    42 ||    63

Table legend: (Time is in decaauts)
 A = Elapsed time spent in this place.
 B = Non-inter-level travel time spent in this place.
 C = Inter-level travel time spent in this place.
 D = Time resting spent in this place.
 E = Time spent auto-exploring this place.
 F = Levels seen in this place.
 G = Mean time per level.
                   A        B        C        D        E       F      G
               +--------+--------+--------+--------+--------+-----+--------+
         Total |   2532 |   2532 |      0 |    110 |   1608 |   5 |  506.4 |
       Dungeon |   2532 |   2532 |      0 |    110 |   1608 |   5 |  506.4 |
               +--------+--------+--------+--------+--------+-----+--------+

Top non-repeatable levels by time:
     D:2: 1135 daAuts
     D:1: 1123 daAuts
     D:3: 164 daAuts
     D:4: 102 daAuts
     D:5: 7 daAuts
